Construct Section Command Post
Selects Indian Artillery Battlegroup
Construct Platoon Command Post
Construct Field Infirmary
Unlock Bishop Self-propelled Artillery
Bishop Self-propelled Artillery
Selects Gurkha Rifles Section
Bishop Self-propelled Artillery
Bishop Self-propelled Artillery
6-pounder Anti-tank Gun Team
Selects Volunteer Infantry
Selects Artillery Saturation
Construct Company Command Post
Unlock M3 Grant Medium Tanks
Selects Off-map Airburst Barrage
Selects Perimeter Monitor